 Dungeon Crawl Stone Soup version 0.30-a0-269-gf0224bf7b6 (webtiles) character file.

Game seed: 4030536004999934454

26504 hikkokomori the Zephyrmancer (level 13, 0/80 HPs)
             Began as a Tengu Enchanter on Oct 15, 2022.
             Was a High Priest of Sif Muna.
             Slain by an ice beast (14 damage)
             ... summoned by an ice statue
             ... in an ice cave.
             The game lasted 01:22:05 (17180 turns).

hikkokomori the Zephyrmancer (Tengu Enchanter)     Turns: 17180, Time: 01:22:07

Health: 0/80       AC: 13    Str: 12    XL:     13   Next: 26%
Magic:  0/39       EV: 17    Int: 26    God:    Sif Muna [*****.]
Gold:   848        SH:  5    Dex: 14    Spells: 1/20 levels left

rFire   . . .      SeeInvis .    C - +8 autumn katana {vorpal, manifold assault}
rCold   . . .      Faith    .    (no shield)
rNeg    . . .      Spirit   .    I - +0 troll leather armour
rPois   .          Reflect  +    f - +3 hat of Pondering {ponderous, Will+ MP+10 Int+5}
rElec   .          Harm     .    H - +0 cloak
rCorr   .          Rampage  .    g - +3 Mad Mage's Maulers {Infuse+∞ RegenMP Int-3}
Will    +....                    (boots unavailable)
Stlth   +++.......               x - amulet of reflection
HPRegen 1.13/turn                X - +6 ring of intelligence
MPRegen 0.66/turn                i - ring of magical power

@: flying quickly and evasively
A: beak, talons 3, nimble flight, mutation resistance 1
a: Renounce Religion, Channel Magic, Forget Spell, Divine Exegesis


You were in an ice cave.
You worshipped Sif Muna.
Sif Muna was extremely pleased with you.
You visited 2 branches of the dungeon, and saw 14 of its levels.
You also visited: Bailey and Ice Cave.

You collected 1531 gold pieces.
You spent 683 gold pieces at shops.

Inventory:

Hand Weapons
 y - the +6 mace of Sudden Death {vorpal, rN+}
   (You found it on level 5 of the Dungeon)

   It inflicts extra damage upon your enemies.
   rN:        It protects you from negative energy.
 C - the +8 autumn katana (weapon) {vorpal, manifold assault}
   (You found it on level 11 of the Dungeon)

   It sometimes launches melee attacks against multiple visible enemies.
 O - a +5 dire flail of holy wrath
 V - a +5 morningstar of flaming
Missiles
 v - 2 throwing nets (quivered)
 Q - 15 curare-tipped darts
 R - 8 atropa-tipped darts
Armour
 f - the +3 hat of Pondering (worn) {ponderous, Will+ MP+10 Int+5}
   (You acquired it on level 5 of the Dungeon)

   Int:       It affects your intelligence (+5).
   MP:        It affects your magic capacity (+10).
   Will:      It increases your willpower.
 g - the +3 Mad Mage's Maulers (worn) {Infuse+∞ RegenMP Int-3}
   (You acquired it on level 2 of the Dungeon)

   It empowers its wearer's blows with all of their magic.
   It causes its wearer's magical reserves to regenerate more quickly.
   Int:       It affects your intelligence (-3).
 G - a +1 chain mail of poison resistance
 H - a +0 cloak (worn)
 I - a +0 troll leather armour (worn)
 L - a +0 hat
 P - a +1 plate armour of poison resistance
 S - a +2 kite shield
 W - +0 steam dragon scales
Magical Staves
 Y - a staff of cold {a!}
Jewellery
 i - a ring of magical power (right hand)
 x - an amulet of reflection (around neck)
 E - a ring of resist corrosion
 K - a ring of positive energy
 X - a +6 ring of intelligence (left hand)
 Z - a ring of fire
Wands
 k - a wand of acid (11)
 m - a wand of flame (4)
 B - a wand of polymorph (5)
 J - a wand of paralysis (19)
Scrolls
 a - 2 scrolls of identify
 b - 3 scrolls of poison
 h - 6 scrolls of teleportation
 j - 3 scrolls of enchant armour
 o - 2 scrolls of vulnerability
 p - 3 scrolls of magic mapping
 s - a scroll of silence
 t - 2 scrolls of immolation
 u - 4 scrolls of amnesia
 A - 3 scrolls of fear
 D - 2 scrolls of blinking
 F - a scroll of enchant weapon
 T - 2 scrolls of fog
Potions
 c - 3 potions of invisibility
 d - a potion of haste
 e - 3 potions of brilliance
 l - a potion of resistance
 n - 2 potions of mutation
 q - 4 potions of lignification
 r - 2 potions of heal wounds
 w - a potion of attraction
 z - 2 potions of curing
 N - 3 potions of cancellation
 U - a potion of ambrosia
Miscellaneous
 M - a box of beasts


   Skills:
 + Level 9.3 Fighting
 - Level 2.4(4.4) Short Blades
 + Level 5.8(6.0) Long Blades
 - Level 7.2 Maces & Flails
 + Level 3.8 Armour
 - Level 7.3 Dodging
 - Level 7.1 Stealth
 - Level 4.2 Spellcasting
 - Level 9.1 Conjurations
 - Level 3.7 Hexes
 - Level 6.3 Ice Magic
 - Level 10.5 Air Magic
 - Level 6.1 Invocations


You had one spell level left.
You knew the following spells:

 Your Spells              Type           Power      Damage    Failure   Level
a - Dazzling Flash        Conj/Hex       76%        N/A       2%          3
b - Ensorcelled Hibernat  Hex/Ice        62%        N/A       1%          2
c - Freezing Cloud        Conj/Ice/Air   25%        6-21      9%          5
d - Ozocubu's Armour      Ice            38%        N/A       2%          3
e - Kindle Blastsparks    Fire/Tloc/Air  46%        2d13      8%          3
f - Stone Arrow           Conj/Erth      58%        3d10      4%          3

Your spell library contained the following spells:

 Spells                   Type           Power      Damage    Failure   Level
 Kiss of Death            Conj/Necr      100%       2d13      1%          1
 Slow                     Hex            96%        N/A       2%          1
 Searing Ray              Conj           100%       2d8       1%          2
 Swiftness                Air            57%        N/A       1%          3
 Momentum Strike          Conj/Tloc      58%        3d9       2%          2
 Cigotuvi's Dreadful Rot  Necr/Pois/Air  46%        N/A       3%          2
 Confusing Touch          Hex            24%        N/A       7%          3
 Tukima's Dance           Hex            24%        N/A       7%          3
 Iskenderun's Battlesphe  Conj           52%        2d10      7%          5
 Blink                    Tloc           10%        N/A       16%         2
 Call Imp                 Summ           5%         N/A       16%         2
 Passwall                 Tmut/Erth      4%         N/A       16%         2
 Inner Flame              Hex/Fire       15%        N/A       16%         3
 Summon Guardian Golem    Hex/Summ       15%        N/A       16%         3
 Flame Wave               Conj/Fire      29%        2d9       16%         4
 Silence                  Hex/Air        21%        N/A       16%         5
 Cause Fear               Hex            12%        N/A       22%         4
 Conjure Ball Lightning   Conj/Air       27%        3x3d8     28%         6
 Ignite Poison            Fire/Tmut/Pois 5%         N/A       32%         3
 Vampiric Draining        Necr           5%         2d6       32%         3
 Metabolic Englaciation   Hex/Ice        15%        N/A       36%         5
 Fireball                 Conj/Fire      14%        3d8       41%         5
 Anguish                  Hex/Necr       7%         N/A       45%         4
 Animate Armour           Summ/Erth      10%        N/A       71%         4
 Dispel Undead            Necr           5%         3d7       71%         4
 Passage of Golubria      Tloc           5%         N/A       71%         4
 Orb of Destruction       Conj           26%        9d9       91%         7
 Simulacrum               Ice/Necr       10%        N/A       99%         6
 Enfeeble                 Hex            12%        N/A       100%        7
 Discord                  Hex            12%        N/A       100%        8
 Lehudib's Crystal Spear  Conj/Erth      14%        10d5      100%        8


Dungeon Overview and Level Annotations

Branches:
Dungeon (12/15)            Temple (0/1) D:4            Lair (2/5) D:9
  Swamp (0/4) Lair:2       Spider (0/4) Lair:2          Orc (0/2) D:11
 Bailey (visited)           IceCv (1/1)

Altars:
Cheibriados
Dithmenos
Elyvilon
Gozag
Kikubaaqudgha
Nemelex Xobeh
Okawaru
Ru
Sif Muna
Trog
Uskayaw
Wu Jian
Zin
The Shining One

Shops:
D:2 *   D:4 *[:*   D:7 (*(   D:8 *   D:11 **([=

Annotations:
Lair:2 1 transporter IceCv 1 transporter, exclusion: ice statue


Innate Abilities, Weirdness & Mutations

You have a beak for a mouth.
You have claws for feet.
Your magical nature lets you fly swiftly and evasively.
You are somewhat resistant to further mutation.


Message History

The ice statue is severely damaged.
You block the ice beast's attack. x2
Unknown command.
You slash the ice statue!
You slice through the folds of space itself!
You completely miss the ice beast. You slice the ice beast!! x2
You claw the ice statue.
The ice statue is severely damaged.
The ice beast hits you. The ice beast freezes you!
* * * LOW HITPOINT WARNING * * *
The ice beast barely misses you. The ice statue gestures at you.
The bolt of cold hits you!
* * * LOW HITPOINT WARNING * * *
The bolt of cold hits the ice beast.
The ice beast completely resists.
You hit the ice statue but do no damage.
You claw the ice statue, but do no damage.
The ice statue is severely damaged.
The ice beast hits you but does no damage.
The ice beast barely misses you.
The ice beast hits you but does no damage.
Unknown command.
You hit the ice statue.
The ice statue is almost destroyed.
The ice beast hits you but does no damage.
The ice beast closely misses you. You block the ice beast's attack.
Unknown command.
You hit the ice statue.
You slice through the folds of space itself!
You barely miss the ice beast. You slice the ice beast!!
You kill the ice beast!
The ice beast disappears in a puff of smoke!
You barely miss the ice beast.
You claw the ice statue, but do no damage.
The ice statue is almost destroyed.
The ice statue gestures.
The ice beast hits you.
* * * LOW HITPOINT WARNING * * *
The ice beast freezes you!
You die...

##...........##
#...).©.....#
##...8©8...##
###########
##8..©..8##
##8...†...8##
##8.......Y.8##
#.....$|)Y§...#
#∩....=$Y@8..©#
###############


You could see an ice statue and 3 ice beasts.

Vanquished Creatures
  Snorg (D:12)
  Josephine (D:11)
  5 two-headed ogres
  A boulder beetle (D:12)
  Sonja (D:10)
  2 ugly things
  A cyclops (D:12)
  3 elephants
  Maurice (D:8)
  A gargoyle (D:12)
  3 cane toads
  A black mamba (Lair:1)
  An ice statue (IceCv)
  2 unseen horrors
  Maggie (D:8)
  Psyche (D:9)
  4 komodo dragons
  A kobold demonologist (D:10)
  A freezing wraith (IceCv)
  4 trolls
  4 slime creatures (D:11)
  Prince Ribbit (D:7)
  8 blink frogs (Lair:2)
  A shadow (D:10)
  9 yaks
  3 wyverns
  A basilisk (D:9)
  5 wraiths
  2 steam dragons
  7 vampire mosquitoes
  4 acid dragons
  4 water moccasins
  2 ice beasts
  5 sky beasts
  7 orc warriors
  2 swamp drakes
  4 centaurs
  An ogre (D:7)
  12 kobold brigands
  A phantom (D:5)
  7 bullfrogs
  A gnoll sergeant (D:8)
  A necrophage (D:8)
  A cane toad simulacrum (IceCv)
  4 scorpions
  10 wights
  4 killer bees (D:5)
  4 howler monkeys
  8 electric eels
  5 orc priests
  A gnoll bouda (D:5)
  5 hounds
  6 jellies
  Jessica (D:2)
  2 iguanas
  Natasha (D:2)
  10 orc wizards
  5 hell rats (Lair:1)
  2 wolf simulacra (IceCv)
  Robin (D:2)
  8 gnolls
  5 adders
  A shadow imp (D:5)
  13 white imps
  An ufetubus (D:5)
  2 worms (D:2)
  5 dart slugs
  34 orcs
  5 ball pythons
  5 endoplasms
  3 giant cockroaches
  12 hobgoblins
  15 jackals
  32 kobolds
  2 quokkas (D:1)
  7 bats
  6 frilled lizards
  18 goblins
  7 rats
379 creatures vanquished.

Vanquished Creatures (collateral kills)
  A kobold (Bailey)
1 creature vanquished.

Vanquished Creatures (others)
  A quokka (D:9)
  9 fungi
  5 plants
15 creatures vanquished.

Grand Total: 395 creatures vanquished

Notes
Turn   | Place    | Note
-------+----------+-------------------------------------------
     0 | D:1      | hikkokomori the Tengu Enchanter began the quest for the
                  | Orb.
     0 | D:1      | Reached XP level 1. HP: 10/10 MP: 4/4
    71 | D:1      | Reached XP level 2. HP: 8/15 MP: 6/6
   305 | D:1      | Reached XP level 3. HP: 18/19 MP: 7/7
   969 | D:2      | Noticed Jessica
   971 | D:2      | Killed Jessica
   972 | D:2      | Reached XP level 4. HP: 24/24 MP: 8/8
  1164 | D:2      | Noticed Natasha
  1175 | D:2      | Killed Natasha
  1181 | D:2      | Found Xieff's Assorted Antiques.
  1210 | D:2      | Gained mutation: Your magical nature lets you fly swiftly
                  | and evasively. [Tengu growth]
  1210 | D:2      | Reached XP level 5. HP: 25/28 MP: 9/9
  1226 | D:2      | Bought a scroll labelled LELIFI GIPS for 25 gold pieces
  1228 | D:2      | Identified 2 scrolls of acquirement
  1228 | D:2      | Acquired the +3 Mad Mage's Maulers {Infuse+∞ RegenMP Int-3}
  1228 | D:2      | Found the +3 Mad Mage's Maulers {Infuse+∞ RegenMP Int-3}
  1239 | D:2      | Learned a level 3 spell: Dazzling Flash
  1475 | D:2      | Found a shimmering blue altar of Sif Muna.
  1517 | D:2      | Became a worshipper of Sif Muna the Loreminder
  1813 | D:2      | Found a faded altar of an unknown god.
  1941 | D:2      | Bought a scroll of identify for 50 gold pieces
  1973 | D:3      | Noticed Robin
  1988 | D:2      | Killed Robin
  1989 | D:2      | Reached skill level 1 in Fighting
  2022 | D:3      | Reached skill level 1 in Conjurations
  2048 | D:3      | Found a shadowy altar of Dithmenos.
  2058 | D:3      | Reached * piety under Sif Muna
  2082 | D:3      | Found a sacrificial altar of Ru.
  2257 | D:3      | Reached XP level 6. HP: 34/34 MP: 1/10
  2330 | D:3      | Found a snail-covered altar of Cheibriados.
  2566 | D:4      | Found an opulent altar of Gozag.
  2727 | D:4      | Found a staircase to the Ecumenical Temple.
  2810 | D:4      | Found Mememneim's General Store.
  2892 | D:4      | Found Haiz's Book Emporium.
  2961 | D:4      | Found an iron altar of Okawaru.
  3211 | D:4      | Found Siessit's Armour Emporium.
  3259 | D:4      | Found Jezxileu's General Store.
  3448 | D:4      | Found a glowing golden altar of the Shining One.
  3531 | D:5      | Entered Level 5 of the Dungeon
  3582 | D:5      | Identified the +6 mace of Sudden Death {vorpal, rN+}
  3647 | D:5      | Reached XP level 7. HP: 14/40 MP: 0/11
  3649 | D:5      | Gained mutation: You are somewhat resistant to further
                  | mutation. [potion of mutation]
  3656 | D:5      | Acquired the +3 hat of Pondering {ponderous, Will+ MP+10
                  | Int+5}
  3656 | D:5      | Found the +3 hat of Pondering {ponderous, Will+ MP+10
                  | Int+5}
  3805 | D:5      | Found a bloodstained altar of Trog.
  4011 | D:5      | Noticed a yak
  4019 | D:5      | Reached skill level 1 in Invocations
  4033 | D:5      | Reached ** piety under Sif Muna
  4046 | D:5      | Killed a yak
  4047 | D:5      | Reached skill level 5 in Conjurations
  4047 | D:5      | Reached XP level 8. HP: 27/48 MP: 1/14
  4926 | D:5      | Learned a level 2 spell: Ensorcelled Hibernation
  5068 | D:6      | Reached skill level 1 in Ice Magic
  5570 | D:6      | Reached XP level 9. HP: 53/53 MP: 0/16
  5636 | D:6      | Reached skill level 5 in Fighting
  5639 | D:6      | Found a hide-covered altar of Uskayaw.
  6113 | D:7      | Found Ceiriciv's Weapon Emporium.
  6345 | D:7      | Found a glowing silver altar of Zin.
  6350 | D:7      | Noticed Prince Ribbit
  6361 | D:7      | Killed Prince Ribbit
  7009 | D:7      | Found a sparkling altar of Nemelex Xobeh.
  7040 | D:7      | Reached *** piety under Sif Muna
  7137 | D:7      | Found a shimmering blue altar of Sif Muna.
  7146 | D:7      | Found an ancient bone altar of Kikubaaqudgha.
  7219 | D:7      | Found Seleibea's Assorted Antiques.
  7410 | D:7      | Reached skill level 5 in Invocations
  7410 | D:7      | Reached XP level 10. HP: 61/61 MP: 1/17
  7548 | D:7      | Found Xiuschi's Weapon Boutique.
  8030 | D:8      | Found Uttay's Assorted Antiques.
  8119 | D:8      | Found a flagged portal.
  8155 | Bailey   | Entered a bailey
  8256 | Bailey   | Reached skill level 1 in Maces & Flails
  8368 | Bailey   | Found a burning altar of Makhleb.
  8631 | D:8      | Noticed Maggie
  8700 | D:8      | Found an ornate altar of the Wu Jian Council.
  8790 | D:4      | Bought a Trismegistus Codex for 336 gold pieces
  8796 | D:4      | Learned a level 5 spell: Freezing Cloud
  8800 | D:4      | Learned a level 3 spell: Ozocubu's Armour
  9158 | D:8      | Noticed Maurice
  9363 | D:9      | Learned a level 3 spell: Kindle Blastsparks
  9403 | D:9      | Noticed a two-headed ogre
  9412 | D:9      | Killed a two-headed ogre
  9413 | D:9      | Reached skill level 2 in Air Magic
  9487 | D:8      | Killed Maurice
  9488 | D:8      | Reached skill level 3 in Air Magic
 10006 | D:8      | Noticed a two-headed ogre
 10025 | D:8      | Reached skill level 4 in Air Magic
 10029 | D:8      | Reached XP level 11. HP: 46/68 MP: 7/18
 10034 | D:8      | HP: 3/68 [two-headed ogre/+0 giant club (14)]
 10174 | D:8      | Killed a two-headed ogre
 10175 | D:8      | Reached skill level 5 in Ice Magic
 10175 | D:8      | Reached skill level 5 in Air Magic
 10291 | D:8      | Killed Maggie
 10621 | D:9      | Noticed Psyche
 10635 | D:9      | Killed Psyche
 10949 | D:9      | Found a white marble altar of Elyvilon.
 10990 | D:9      | Reached skill level 6 in Air Magic
 11084 | D:9      | Reached **** piety under Sif Muna
 11959 | D:9      | Reached skill level 5 in Maces & Flails
 12133 | D:9      | Found a staircase to the Lair.
 12376 | Lair:1   | Entered Level 1 of the Lair of Beasts
 12504 | D:10     | Entered Level 10 of the Dungeon
 12562 | D:10     | Reached skill level 7 in Air Magic
 13061 | D:10     | Noticed Sonja
 13097 | D:10     | Killed Sonja
 13601 | D:11     | Found Xeuseek's Jewellery Shop.
 13603 | D:11     | Noticed a two-headed ogre
 13607 | D:11     | Killed a two-headed ogre
 13612 | D:11     | Reached skill level 8 in Air Magic
 13696 | D:11     | Found Etheu's Armour Shoppe.
 13849 | D:11     | Reached XP level 12. HP: 47/75 MP: 1/19
 13850 | D:11     | Reached skill level 5 in Dodging
 14014 | D:11     | Found Cummu's General Store.
 14019 | D:11     | Bought 2 potions of cancellation for 272 gold pieces
 14168 | D:11     | Reached skill level 5 in Stealth
 14191 | D:11     | Reached ***** piety under Sif Muna
 14259 | D:11     | Identified the +1 animal skin of the Loving Gods {Will+}
 14260 | D:11     | Found a staircase to the Orcish Mines.
 14261 | D:11     | Received a gift from Sif Muna
 14262 | D:11     | Got Sif Muna's Grimoire of the Coals and Spellbinding {god
                  | gift}
 14500 | D:11     | Found Yzul's Weapon Shoppe.
 14587 | D:11     | Found Gerol's General Store.
 14679 | D:11     | Found the +8 autumn katana {vorpal, manifold assault}
 14692 | D:11     | Noticed Josephine
 14698 | D:11     | Killed Josephine
 14699 | D:11     | Reached skill level 9 in Air Magic
 15002 | D:12     | Reached skill level 1 in Long Blades
 15026 | D:12     | Learned a level 3 spell: Stone Arrow
 15043 | D:12     | Noticed a two-headed ogre
 15051 | D:12     | Killed a two-headed ogre
 15058 | D:12     | Noticed a two-headed ogre
 15071 | D:12     | Killed a two-headed ogre
 15174 | D:12     | Noticed a boulder beetle
 15286 | D:12     | Noticed Snorg
 15288 | D:12     | Reached skill level 10 in Air Magic
 15368 | D:12     | Killed Snorg
 15575 | D:12     | Killed a boulder beetle
 16211 | Lair:1   | Reached skill level 1 in Armour
 16211 | Lair:1   | Reached XP level 13. HP: 79/79 MP: 0/20
 16689 | Lair:2   | Found a transporter.
 16701 | Lair:2   | Found a staircase to the Swamp.
 16798 | Lair:2   | Reached skill level 5 in Long Blades
 16808 | Lair:2   | Received a gift from Sif Muna
 16809 | Lair:2   | Got Sif Muna's Foundations of Sorcery {god gift}
 16898 | Lair:2   | Found a frozen archway.
 16991 | IceCv    | Entered an ice cave
 17121 | IceCv    | Found a transporter.
 17139 | IceCv    | Found a transporter.
 17180 | IceCv    | Slain by an ice beast

Illustrated notes

Levels and vault maps discovered:
D:1:      dpeg_arrival_leaves_temple_mockup, layout_basic, interstate_on_off
D:2:      layout_rooms, shapermc_ecumenical_altar_notcrosses, serial_shops,
          nicolae_shop_overgrown_old_shop, basic_altar, grunt_ministairs_12,
          patterned_corridor, uniq_natasha, uniq_jessica
D:3:      layout_rooms, nicolae_dithmenos_shadow_blocks,
          chequers_temple_overflow_statue_of_worship, nicolae_titane, uniq_robin
D:4:      layout_gridville, nicolae_tso_swordbearing_angel,
          nicolae_overflow_crystal_walls, kennysheep_okawaru_gauntlet,
          minmay_temple_entry_stoned_glass, serial_shops, shop,
          nicolae_shop_crystal, shop, shop
D:5:      minmay_chambers_of_fours, layout_basic, lightli_temple_of_fire,
          serial_co_window_serial, co_window_paths_a, co_window_paths_b,
          co_window_paths_a, co_window_paths_b, co_window_paths_a,
          co_window_paths_a, co_window_paths_b, co_window_broadway_b,
          co_window_corner_b, co_window_of_opportunity_b, co_window_cross_2,
          co_window_paths_c, co_window_2corner, glass_columns_c, minivault_24,
          kennysheep_generic_room_13
D:6:      layout_loops_ring, mainiacjoe_overflow_24_doors
D:7:      statuecave_lemuel, layout_loops_cross,
          nemelex_xobeh_ov_fountains_minmay, mainiacjoe_overflow_catwalk,
          mainiacjoe_overflow_swirl, serial_shops, shop,
          nicolae_take_the_stairs, shop, minmay_checkerbox, uniq_prince_ribbit1
D:8:      layout_layer_cave, pdpol_wu_jian_five_deadly_venoms, enter_bailey_4,
          nicolae_stop_n_shop_1, minmay_misc_feat_hallway, uniq_maurice,
          uniq_maggie
D:9:      layout_stronghold, elyvilon_altar_4, erik_lair_dragon, uniq_psyche
D:10:     layout_basic, uniq_sonja
D:11:     layout_long_grid, erik_orc_1, serial_shops, kennysheep_little_box,
          shop_coins, shop_statue, nicolae_stop_n_shop_2, shop, uniq_josephine
D:12:     layout_cave_pools, uniq_snorg
Lair:1:   layout_loops_ring, grunt_megastairs_2
Lair:2:   gammafunk_cloud_chamber, layout_loops_ring, minmay_swamp_entry_eels,
          hellmonk_spider_entry_not_the_bees, portal_ice_cave_entry_imps
IceCv:    ice_cave_statue_garden_transporter

Skill      XL: |  1  2  3  4  5  6  7  8  9 10 11 12 13 |
---------------+----------------------------------------+-----
Short Blades   | 2 |  2.4
Dodging        | 3 4 7 |  7.3
Fighting       | 1 2 3 4 6 8 9 |  9.3
Conjurations   | 1 3 5 6 7 9 |  9.1
Stealth        | 4 7 |  7.1
Invocations    | 2 3 5 6 |  6.1
Spellcasting   | 3 4 |  4.2
Ice Magic      | 1 4 6 |  6.3
Hexes          | 3 |  3.7
Maces & Flails | 4 6 7 |  7.2
Air Magic      | 4 8 10 | 10.5
Long Blades    | 4 5 |  5.8
Armour         | 1 3 |  3.8

Action                   |  1- 3 |  4- 6 |  7- 9 | 10-12 | 13-15 || total
-------------------------+-------+-------+-------+-------+-------++-------
Melee: Dagger            |    78 |   179 |       |       |       ||   257
       Kick              |    13 |    46 |    23 |   116 |    27 ||   225
       Peck              |     8 |    22 |    13 |    66 |    14 ||   123
       Punch             |       |     2 |     2 |     4 |     2 ||    10
       Mace              |       |     7 |   147 |   244 |       ||   398
       Spear             |       |     3 |       |       |       ||     3
       Staff             |       |       |       |    16 |       ||    16
       Morningstar       |       |       |       |     4 |       ||     4
       Katana            |       |       |       |    84 |   116 ||   200
       Dire flail        |       |       |       |     9 |       ||     9
Throw: Stone             |       |       |     6 |     1 |       ||     7
 Cast: Dazzling Flash    |       |       |       |     4 |       ||     4
       Ozocubu's Armour  |       |       |       |     7 |       ||     7
       Kindle Blastspark |       |       |       |     4 |     4 ||     8
       Freezing Cloud    |       |       |       |    34 |       ||    34
       Stone Arrow       |       |       |       |     2 |     1 ||     3
Invok: Channel Magic     |       |       |       |     1 |       ||     1
Evoke: Wand              |       |     1 |     1 |    10 |     8 ||    20
       Box of beasts     |       |       |       |     1 |       ||     1
  Use: Potion            |     2 |     1 |     1 |     2 |       ||     6
       Scroll            |     1 |     4 |    15 |    14 |     1 ||    35
 Stab: Sleeping          |     6 |     9 |     5 |     6 |       ||    26
       Invisible         |     2 |       |       |     1 |       ||     3
       Distracted        |       |     1 |       |     1 |       ||     2
Armor: Robe              |    10 |    48 |    35 |     8 |       ||   101
       Troll leather arm |       |       |       |   135 |    17 ||   152
Dodge: Dodged            |    49 |   136 |    93 |   277 |    64 ||   619
Block: Other             |       |       |    20 |    99 |    15 ||   134
       Reflection        |       |       |       |     5 |       ||     5

Table legend: (Time is in decaauts)
 A = Elapsed time spent in this place.
 B = Non-inter-level travel time spent in this place.
 C = Inter-level travel time spent in this place.
 D = Time resting spent in this place.
 E = Time spent auto-exploring this place.
 F = Levels seen in this place.
 G = Mean time per level.
                   A        B        C        D        E       F      G
               +--------+--------+--------+--------+--------+-----+--------+
         Total |  17003 |  16148 |    855 |   1028 |  11493 |  16 | 1062.7 |
       Dungeon |  15229 |  14385 |    844 |    662 |  10684 |  12 | 1269.1 |
          Lair |   1125 |   1115 |     10 |    194 |    639 |   2 |  562.5 |
        Bailey |    463 |    463 |      0 |     78 |    170 |   1 |  463.0 |
      Ice Cave |    185 |    185 |      0 |     94 |      0 |   1 |  185.0 |
               +--------+--------+--------+--------+--------+-----+--------+

Top non-repeatable levels by time:
     D:9: 2210 daAuts
     D:7: 1871 daAuts
     D:8: 1770 daAuts
     D:5: 1472 daAuts
    D:11: 1354 daAuts
    D:10: 1124 daAuts
     D:6: 1087 daAuts
     D:4: 1058 daAuts
     D:1: 963 daAuts
     D:2: 957 daAuts
    D:12: 850 daAuts
  Lair:1: 826 daAuts
     D:3: 509 daAuts
  Bailey: 463 daAuts
  Lair:2: 298 daAuts
